 Dungeon Crawl Stone Soup version 0.19-a0-172-g3b1235c (webtiles) character file.

7422 Duffy the Geomancer (level 11, 56/56 HPs)
             Began as a Vine Stalker Earth Elementalist on May 22, 2016.
             Was a Believer of Cheibriados.
             Quit the game on level 9 of the Dungeon.
             The game lasted 00:17:23 (10505 turns).

Duffy the Geomancer (VSEE)                         Turns: 10505, Time: 00:17:23

Health: 56/56      AC:  8    Str: 16    XL:     11   Next: 15%
Magic:  20/20      EV: 17    Int: 25    God:    Cheibriados [**....]
Gold:   92         SH:  7    Dex: 20    Spells: 4 memorised, 10 levels left

rFire  . . .     SeeInvis +     C - +2 trident (venom)
rCold  . . .     Gourm    .     a - +0 robe
rNeg   . . .     Faith    .     O - +0 buckler "Counusua" {MR+}
rPois  .         Spirit   +     u - +2 hat {SInv}
rElec  .         Dismiss  .     t - +0 cloak
rCorr  .         Reflect  .     A - +1 pair of gloves
SustAt .         Harm     .     K - +0 pair of boots
MR     ++...                    (no amulet)
Stlth  +++.......               z - +2 ring of intelligence
                                g - ring of stealth

@: very slow, very resistant to hostile enchantments, fairly stealthy
A: fangs 3, regeneration 2, magic shield, antimagic bite, no device heal 3, rot
immunity
a: Bend Time, Renounce Religion


You were on level 9 of the Dungeon.
You worshipped Cheibriados.
Cheibriados was pleased with you.
You were not hungry.

You visited 2 branches of the dungeon, and saw 10 of its levels.

You collected 387 gold pieces.
You spent 295 gold pieces at shops.


Innate Abilities, Weirdness & Mutations

You have razor-sharp teeth.
You heal very quickly.
When hurt, damage is shared between your health and your magic reserves.
Your bite disrupts and absorbs the magic of your enemies.
Potions and wands cannot restore your health.
You are immune to rotting.


   Skills:
 + Level 5.9 Fighting
 + Level 6.0 Dodging
 - Level 2.4 Stealth
 - Level 7.6 Shields
 - Level 5.8 Spellcasting
 - Level 5.0 Conjurations
 - Level 1.0 Transmutations
 - Level 8.6 Earth Magic


You had 10 spell levels left.
You knew the following spells:

 Your Spells              Type           Power        Failure   Level  Hunger
a - Sandblast             Erth           ######       1%          1    None
b - Passwall              Trmt/Erth      ####......   1%          2    None
c - Stone Arrow           Conj/Erth      #####.       1%          3    #......
l - Lee's Rapid Deconstr  Erth           ######....   8%          5    #####..

Inventory:

Hand Weapons
 h - a +0 spear
 i - a +2 dagger of electrocution
 C - a +2 trident of venom (weapon)
Missiles
 b - 82 stones
 L - 14 tomahawks (quivered)
Armour
 a - a +0 robe (worn)
 t - a +0 cloak (worn)
 u - a +2 hat of see invisible (worn)
 A - a +1 pair of gloves (worn)
 D - the +3 leather armour of Goodbye, My Love {-Cast rF+ MR+ Int+2}

   It affects your intelligence (+2).
   It protects you from fire.
   It affects your resistance to hostile enchantments.
   It prevents spellcasting.
 K - a +0 pair of boots (worn)
 M - the +0 pair of boots of the Invisible Hand {-Cast rC++ rN+ SInv}

   It greatly protects you from cold.
   It protects you from negative energy.
   It lets you see invisible.
   It prevents spellcasting.
 O - the +0 buckler "Counusua" (worn) {MR+}

   It affects your resistance to hostile enchantments.
Jewellery
 f - an uncursed ring of ice
 g - a ring of stealth (left hand)
 z - a +2 ring of intelligence (right hand)
Wands
 e - a wand of digging (20/24)
 m - a wand of iceblast (8/15)
 N - a wand of paralysis (8/24)
Scrolls
 j - 3 scrolls of remove curse
 l - a scroll of magic mapping
 p - 2 scrolls of teleportation
 s - a scroll of blinking
 w - a scroll of enchant armour
 y - a scroll of recharging {unknown}
 B - 2 scrolls of fear {unknown}
 E - a scroll of torment {unknown}
 H - 2 scrolls of summoning
 I - a scroll of brand weapon {unknown}
Potions
 k - 7 potions of curing
 n - a potion of ambrosia
 q - 2 potions of flight
 x - a potion of magic {unknown}
 G - 3 potions of brilliance
 P - a potion of lignification
 Q - a potion of agility {unknown}
Books
 c - a book of Geomancy
 F - a book of Changes
 J - a book of Frost
Comestibles
 d - 3 bread rations
 o - 2 meat rations
 r - 12 fruits
 v - 6 chunks of flesh
 R - a slice of pizza

Dungeon Overview and Level Annotations

Branches:
Dungeon (9/15)             Temple (1/1) D:7            Lair (0/8) D:8
    Orc: D:9-12

Altars:
Ashenzari
Cheibriados
Dithmenos
Elyvilon
Fedhas
Gozag
Kikubaaqudgha
Makhleb
Nemelex Xobeh
Okawaru
Pakellas
Qazlal
Ru
Sif Muna
Trog
Vehumet
Xom
Yredelemnul
Zin
The Shining One

Shops:
D:9 [*[


Message History

v - 9 chunks of flesh (gained 4)
Things that are here:
a glaive; a plate armour
Things that are here:
a hand axe; an orc corpse You see here a hand axe.
Found 22 bolts.
Found 8 poisoned needles.
Found a burning altar of Makhleb.
You see here 22 bolts.
You see here 8 poisoned needles.
There is a burning altar of Makhleb here.
A shadow imp comes into view.
A shadow imp is nearby!
The shadow imp shouts, "Out, out, thou obnoxious rump-fed death-token!"
You hit the shadow imp.
The shadow imp is lightly wounded.
The shadow imp hits you.
You barely miss the shadow imp. You bite the shadow imp.
The shadow imp's magic leaks into the air.
You drain its magic.
The shadow imp is moderately wounded.
The shadow imp barely misses you.
You closely miss the shadow imp. Your bite misses the shadow imp.
The shadow imp is moderately wounded.
The shadow imp barely misses you.
You hit the shadow imp. Your bite misses the shadow imp.
The shadow imp is heavily wounded.
You block the shadow imp's attack. The shadow imp completely misses you.
You hit the shadow imp. You bite the shadow imp.
The shadow imp's magic leaks into the air.
You drain its magic.
You kill the shadow imp!
Cheibriados appreciates the change of pace.
No target in view!
No target in view!
Some of the chunks of flesh in your inventory have rotted away.
A quokka comes into view.
A quokka is nearby!
Attack whom?
Press: ? - help, Dir - move target cursor, f - quokka
Aim: a quokka (hasn't noticed you)
You reach to attack!
You strike the helpless quokka from a blind spot!
You puncture the quokka!
You kill the quokka!
Cheibriados appreciates the change of pace.
No target in view!
No target in view!
Are you sure you want to abandon this character and quit the game? (Confirm with "yes".)

#..# #...##### #.(#
#........
#..####.#.#####
#.........#****
######..####....,,,,
#.....(.# ######***
#.####.## *
#######.####_#
#........@.#.#
#.#####.##.#.# ###
#.# #.#..%.# #.. #.#
##.#..#.# #.# #.#
#.>#..#.# #.# #.#
#.##..#.# ##.# #.#
#.##..#.#* ######..#
#.# #.....#..*
#.....#.# #.#
#.###.##.* #.......[


There were no monsters in sight!

Action                   |  1- 3 |  4- 6 |  7- 9 | 10-12 || total
-------------------------+-------+-------+-------+-------++-------
Melee: Unarmed           |     2 |       |     8 |       ||    10
       Bite              |    22 |    30 |    44 |    48 ||   144
       Spear             |   112 |   120 |   169 |    22 ||   423
       Trident           |       |       |       |   117 ||   117
 Cast: Sandblast         |    29 |    70 |   185 |     1 ||   285
       Stone Arrow       |       |       |    54 |    23 ||    77
  Use: Scroll            |       |       |     8 |     9 ||    17
       Potion            |       |       |     1 |       ||     1
 Stab: Sleeping          |     8 |     7 |     3 |     5 ||    23
       Distracted        |     1 |       |     2 |     3 ||     6
  Eat: Chunk             |     1 |     6 |    17 |     2 ||    26
       Beef jerky        |       |       |     2 |       ||     2
       Pizza             |       |       |       |     1 ||     1
Armor: Robe              |    43 |    49 |   101 |    25 ||   218
       Skin              |       |       |     5 |       ||     5
Dodge: Dodged            |    79 |   110 |   162 |    85 ||   436
Block: Buckler           |       |       |    14 |    45 ||    59

Notes
Turn   | Place    | Note
--------------------------------------------------------------
     0 | D:1      | Duffy the Vine Stalker Earth Elementalist began the quest for the Orb.
     0 | D:1      | Reached XP level 1. HP: 9/9 MP: 4/4
   192 | D:1      | Reached XP level 2. HP: 13/13 MP: 2/6
   273 | D:1      | Learned a level 2 spell: Passwall
   506 | D:1      | Reached XP level 3. HP: 12/16 MP: 0/8
   634 | D:1      | Learned a level 3 spell: Stone Arrow
   716 | D:1      | Reached skill level 3 in Spellcasting
  1068 | D:2      | Reached skill level 4 in Earth Magic
  1087 | D:2      | Reached skill level 1 in Fighting
  1087 | D:2      | Reached XP level 4. HP: 22/22 MP: 5/9
  1763 | D:2      | Reached XP level 5. HP: 13/26 MP: 7/10
  2087 | D:2      | Reached skill level 2 in Fighting
  2247 | D:3      | Reached skill level 5 in Earth Magic
  2516 | D:3      | Noticed beholder's ghost (amateur GrEE)
  2552 | D:4      | Noticed Natasha
  2555 | D:4      | Killed Natasha
  2555 | D:4      | Gained mutation: You heal very quickly. [Vine Stalker growth]
  2555 | D:4      | Reached XP level 6. HP: 32/32 MP: 7/11
  2621 | D:4      | Noticed Natasha
  2628 | D:4      | Killed Natasha
  2628 | D:4      | Reached skill level 3 in Fighting
  2948 | D:4      | Noticed Sigmund
  2951 | D:4      | Killed Sigmund
  2951 | D:4      | Reached skill level 4 in Spellcasting
  2951 | D:4      | Reached XP level 7. HP: 22/36 MP: 5/14
  3045 | D:4      | Noticed Natasha
  3054 | D:4      | Killed Natasha
  3171 | D:4      | Noticed Duvessa
  3171 | D:4      | Noticed Dowan
  3203 | D:4      | Killed Duvessa
  3203 | D:4      | Reached skill level 5 in Spellcasting
  3236 | D:4      | Killed Dowan
  3461 | D:4      | Reached skill level 6 in Earth Magic
  3461 | D:4      | Gained mutation: You have razor-sharp teeth. [Vine Stalker growth]
  3461 | D:4      | Reached XP level 8. HP: 33/42 MP: 8/17
  3703 | D:4      | Reached skill level 4 in Fighting
  3719 | D:4      | Found an iron altar of Okawaru.
  4431 | D:3      | Killed beholder's ghost
  4637 | D:5      | Entered Level 5 of the Dungeon
  4646 | D:5      | Learned a level 5 spell: Lee's Rapid Deconstruction
  4783 | D:5      | Got a bronze leather armour
  4794 | D:5      | Identified the +3 leather armour of Goodbye, My Love {-Cast rF+ MR+ Int+2} (You found it on level 5 of the Dungeon)
  4958 | D:5      | Found an oddly glowing altar of Pakellas.
  5121 | D:5      | Found a glowing silver altar of Zin.
  5122 | D:5      | Found an opulent altar of Gozag.
  5230 | D:5      | Found a sparkling altar of Nemelex Xobeh.
  5245 | D:5      | Reached skill level 5 in Fighting
  5406 | D:5      | Reached skill level 7 in Earth Magic
  5556 | D:6      | Reached skill level 1 in Conjurations
  5588 | D:6      | Found a shattered altar of Ashenzari.
  5736 | D:6      | Reached skill level 2 in Conjurations
  5894 | D:6      | Reached skill level 3 in Conjurations
  5894 | D:6      | Reached XP level 9. HP: 44/47 MP: 11/18
  6050 | D:6      | Reached skill level 8 in Earth Magic
  6356 | D:6      | Reached skill level 4 in Conjurations
  6808 | D:7      | Found a bloodstained altar of Trog.
  6877 | D:7      | Found a sacrificial altar of Ru.
  7189 | D:7      | Reached skill level 5 in Conjurations
  7243 | D:7      | Got a heavily runed buckler
  7285 | D:7      | Found a staircase to the Ecumenical Temple.
  7294 | Temple   | Entered the Ecumenical Temple
  7501 | Temple   | Identified the +0 buckler "Counusua" {MR+} (You found it on level 7 of the Dungeon)
  7530 | Temple   | Became a worshipper of Cheibriados the Contemplative
  7565 | D:7      | Reached skill level 1 in Shields
  7581 | Temple   | Reached skill level 2 in Shields
  7856 | D:8      | Found a shimmering altar of Xom.
  8072 | D:8      | Found a staircase to the Lair.
  8100 | D:8      | Found a shadowy altar of Dithmenos.
  8161 | D:8      | Found a basalt altar of Yredelemnul.
  8166 | D:8      | Reached skill level 3 in Shields
  8302 | D:8      | Reached * piety under Cheibriados
  8311 | D:8      | Noticed a two-headed ogre
  8315 | D:8      | Killed a two-headed ogre
  8315 | D:8      | Reached skill level 4 in Shields
  8339 | D:8      | Reached skill level 5 in Shields
  8632 | D:8      | Noticed Gastronok
  8652 | D:8      | Killed Gastronok
  8652 | D:8      | Reached skill level 7 in Shields
  8652 | D:8      | Reached XP level 10. HP: 26/51 MP: 1/19
  8799 | D:7      | Noticed an unseen horror
  8808 | D:7      | Killed an unseen horror
  8808 | D:7      | Reached skill level 3 in Dodging
  9629 | D:9      | Found a sparkling altar of Nemelex Xobeh.
  9672 | D:9      | Reached skill level 4 in Dodging
  9694 | D:9      | Reached skill level 5 in Dodging
  9803 | D:9      | Found Cehuqeul's Assorted Antiques.
  9809 | D:9      | Bought a scroll labeled XEOPLUDA TASUL for 29 gold pieces
  9823 | D:9      | Found Kuchex's Antique Armour Shop.
  9832 | D:9      | Bought a pair of transparent boots for 266 gold pieces
  9842 | D:9      | Identified the +0 pair of boots of the Invisible Hand {-Cast rC++ rN+ SInv} (You bought it in a shop on level 9 of the Dungeon)
 10003 | D:9      | Noticed a hill giant
 10007 | D:9      | Reached ** piety under Cheibriados
 10011 | D:9      | Killed a hill giant
 10011 | D:9      | Reached XP level 11. HP: 18/56 MP: 10/20
 10145 | D:9      | Found Uscho's Antique Armour Shop.
 10432 | D:9      | Reached skill level 6 in Dodging
 10469 | D:9      | Found a burning altar of Makhleb.
 10505 | D:9      | Quit the game

Skill      XL: |  1  2  3  4  5  6  7  8  9 10 11 |
---------------+----------------------------------+-----
Spellcasting   | 3 4 5 |  5.8
Earth Magic    | 4 5 6 7 8 |  8.6
Fighting       | 1 2 3 5 |  5.9
Conjurations   | 3 5 |  5.0
Shields        | 7 |  7.6
Dodging        | 5 6 |  6.0
Stealth        | |  2.4
Transmutations | |  1.0

Vault maps used:
D:1:      erik_arrival_triangle_medium
D:4:      lemuel_coloured_pillars_altar, uniq_natasha, uniq_duvessa,
          uniq_sigmund
D:5:      grunt_temple_overflow_gold_and_silver, nemelex_deck,
          grunt_pakellas_mercury, first_bread, kennysheep_small_spiral
D:6:      lemuel_crystal_altar
D:7:      nicolae_overflow_hidden_temple, nicolae_ru_path_of_blood,
          minmay_temple_entry_large_hall, hangedman_glass_teeth
D:8:      old_standard_altar, yredelemnul_altar_generic,
          nicolae_dithmenos_shadow_blocks, lair_0_dummy, uniq_gastronok
D:9:      overflow_temple_1_default, serial_shops, shop, shop, shop_statue,
          nemelex_lonely_heart_becter, uniq_erolcha
Temple:   jpeg_temple_alley_garden_8

Vanquished Creatures
  Gastronok
  An unseen horror
  A hill giant
  A two-headed ogre Sigmund
  A wyvern
  5 yaks Duvessa
  The ghost of beholder the Digger, an amateur GrEE
  2 water moccasins
  An ice beast
  2 orc warriors
  3 phantoms
  4 ogres
  3 centaurs
  A crocodile
  4 giant frogs
  A gnoll sergeant Dowan
  A wyvern skeleton
  4 wights
  2 howler monkeys
  4 crimson imps
  A giant frog skeleton
  3 jellies
  2 orc priests
  7 hounds
  2 centaur skeletons
  3 iguanas
  Natasha (thrice)
  10 orc wizards
  6 worker ants
  A hound skeleton
  9 gnolls
  12 adders
  3 shadow imps
  An ooze
  An adder zombie
  2 worms
  2 dart slugs
  5 giant geckos
  23 orcs
  6 giant cockroaches
  6 goblins
  5 hobgoblins
  13 jackals
  15 kobolds
  6 quokkas
  A ball python
  9 bats
  3 giant newts
  A quokka skeleton
  7 rats
214 creatures vanquished.
